| TOP OF THE 1ST |
|
Greeneville Astros batting - Pitching for Orem Owlz : LHP Tanner Scarlett
|
|
Pitching: LHP Tanner Scarlett
|
|
|
Batting: LHB Guadalupe Gonzalez
|
0-0: Ball 1-0: Called Strike 1-1: Ball 2-1: Ball 3-1: Fly out, F8 (Line Drive, 78D, EV 107.5 MPH)
|
|
Batting: SHB Rory Mozer
|
0-0: Swinging Strike 0-1: Fly out, F6 (Flyball, 6D, EV 90.6 MPH)
|
|
Batting: LHB Josh Glass
|
0-0: Swinging Strike 0-1: Swinging Strike 0-2: Ball 1-2: Strikes out swinging
|
| Top of the 1st over - 0 runs, 0 hits, 0 errors, 0 left on base; Greeneville 0 - Orem 0 |
| BOTTOM OF THE 1ST |
|
Orem Owlz batting - Pitching for Greeneville Astros : LHP Jorge Ortiz
|
|
Pitching: LHP Jorge Ortiz
|
|
|
Batting: RHB Ken Hillman
|
0-0: Called Strike 0-1: Foul Ball, location: 2F 0-2: Ball 1-2: Strikes out swinging
|
|
Batting: RHB Fred Saxton
|
0-0: Ball 1-0: Ball 2-0: Foul Ball, location: 2F 2-1: Ball 3-1: Base on Balls
|
|
Batting: RHB Daniel Molina
|
Pickoff Throw to First - Out! 1-3 0-0: Called Strike 0-1: Ground out 6-3 (Groundball, 6, EV 87.5 MPH)
|
| Bottom of the 1st over - 0 runs, 0 hits, 0 errors, 0 left on base; Greeneville 0 - Orem 0 |
| TOP OF THE 2ND |
|
Greeneville Astros batting - Pitching for Orem Owlz : LHP Tanner Scarlett
|
|
Batting: RHB Jamie Walker
|
0-0: Ball 1-0: Swinging Strike 1-1: Foul Ball, location: 2F 1-2: Foul Ball, location: 2F 1-2: Strikes out looking
|
|
Batting: LHB Bert Middleton
|
0-0: Ball 1-0: Foul Ball, location: 2F 1-1: Ball 2-1: Ball 3-1: Foul Ball, location: 2F 3-2: Foul Ball, location: 2F 3-2: Strikes out swinging
|
|
Batting: RHB Tim Williams
|
0-0: Called Strike 0-1: Ball 1-1: Foul Ball, location: 2F 1-2: Strikes out swinging
|
| Top of the 2nd over - 0 runs, 0 hits, 0 errors, 0 left on base; Greeneville 0 - Orem 0 |
| BOTTOM OF THE 2ND |
|
Orem Owlz batting - Pitching for Greeneville Astros : LHP Jorge Ortiz
|
|
Batting: RHB Kyle Gray
|
0-0: Called Strike 0-1: Ball 1-1: Called Strike 1-2: Ball 2-2: Foul Ball, location: 2F 2-2: Foul Ball, location: 2F 2-2: Ground out 6-3 (Groundball, 6, EV 78.8 MPH)
|
|
Batting: SHB Manuel Martinez
|
0-0: Called Strike 0-1: Ball 1-1: Foul Ball, location: 2F 1-2: Strikes out looking
|
|
Batting: RHB Carlos Gonzales
|
0-0: Ball 1-0: SINGLE (Groundball, 56D, EV 95.0 MPH)
|
|
Batting: LHB David Coatney
|
0-0: Ball Carlos Gonzales is caught stealing 2nd base 2-6
|
| Bottom of the 2nd over - 0 runs, 1 hit, 0 errors, 0 left on base; Greeneville 0 - Orem 0 |
| TOP OF THE 3RD |
|
Greeneville Astros batting - Pitching for Orem Owlz : LHP Tanner Scarlett
|
|
Batting: RHB Josh Reisner
|
0-0: Ball 1-0: Called Strike 1-1: Ground out 6-3 (Groundball, 6, EV 95.6 MPH)
|
|
Batting: RHB Bill Borden
|
0-0: Ball 1-0: Ground out 1-3 (Groundball, 25, EV 70.6 MPH)
|
|
Batting: RHB Kenny Beall
|
0-0: Ground out 5-3 (Groundball, 56, EV 83.8 MPH)
|
| Top of the 3rd over - 0 runs, 0 hits, 0 errors, 0 left on base; Greeneville 0 - Orem 0 |
| BOTTOM OF THE 3RD |
|
Orem Owlz batting - Pitching for Greeneville Astros : LHP Jorge Ortiz
|
|
Batting: LHB David Coatney
|
0-0: Called Strike 0-1: Ball 1-1: SINGLE (Line Drive, 4MD, EV 95.0 MPH)
|
|
Batting: RHB Jesse Sargent
|
0-0: Called Strike 0-1: Ball 1-1: Called Strike 1-2: SINGLE (Flyball, 8LS, EV 87.5 MPH) David Coatney to second
|
|
Batting: RHB Steve Neely
|
0-0: SINGLE (Flyball, 6D, EV 91.2 MPH) David Coatney to third Jesse Sargent to second
|
|
Batting: RHB Ken Hillman
|
0-0: Ball 1-0: Foul Ball, location: 2F 1-1: Fly out, F9 (Flyball, 9LSF, EV 95.0 MPH)
|
|
Batting: RHB Fred Saxton
|
0-0: Called Strike 0-1: Grounds into double play, 6-4-3 (Groundball, 6S, EV 80.6 MPH)
|
| Bottom of the 3rd over - 0 runs, 3 hits, 0 errors, 2 left on base; Greeneville 0 - Orem 0 |
| TOP OF THE 4TH |
|
Greeneville Astros batting - Pitching for Orem Owlz : LHP Tanner Scarlett
|
|
Batting: LHB Guadalupe Gonzalez
|
0-0: Called Strike 0-1: Ball 1-1: Ball 2-1: Foul Ball, location: 2F 2-2: Ball 3-2: Foul Ball, location: 2F 3-2: Foul Ball, location: 2F 3-2: Base on Balls
|
|
Batting: SHB Rory Mozer
|
0-0: Called Strike 0-1: SINGLE (Groundball, 4MD, EV 98.8 MPH) Guadalupe Gonzalez to second
|
|
Batting: LHB Josh Glass
|
0-0: Ball 1-0: Ground out U3 (Groundball, 3S, EV 69.4 MPH) Guadalupe Gonzalez to third Rory Mozer to second
|
|
Batting: RHB Jamie Walker
|
0-0: Ball 1-0: SINGLE (Line Drive, 78M, EV 108.8 MPH) Guadalupe Gonzalez scores Rory Mozer to third
|
|
Batting: LHB Bert Middleton
|
0-0: 3-RUN HOME RUN (Flyball, 9LD, EV 95.0 MPH), Distance : 356 ft
|
|
Batting: RHB Tim Williams
|
0-0: Called Strike 0-1: Ball 1-1: Ball 2-1: Ball 3-1: Fly out, F9 (Flyball, 89M, EV 74.4 MPH)
|
|
Batting: RHB Josh Reisner
|
0-0: Called Strike 0-1: Called Strike 0-2: Ball 1-2: Ground out 6-3 (Groundball, 6M, EV 101.9 MPH)
|
| Top of the 4th over - 4 runs, 3 hits, 0 errors, 0 left on base; Greeneville 4 - Orem 0 |
| BOTTOM OF THE 4TH |
|
Orem Owlz batting - Pitching for Greeneville Astros : LHP Jorge Ortiz
|
|
Batting: RHB Daniel Molina
|
0-0: Called Strike 0-1: Foul Ball, location: 2F 0-2: Foul Ball, location: 2F 0-2: Ball 1-2: Ground out 6-3 (Groundball, 6D, EV 97.5 MPH)
|
|
Batting: RHB Kyle Gray
|
0-0: Foul Ball, location: 2F 0-1: Foul Ball, location: 2F 0-2: Foul Ball, location: 2F 0-2: Ball 1-2: Foul Ball, location: 2F 1-2: Ball 2-2: Fly out, F7 (Flyball, 7LM, EV 95.0 MPH)
|
|
Batting: SHB Manuel Martinez
|
0-0: Ball 1-0: Called Strike 1-1: Foul Ball, location: 2F 1-2: Foul Ball, location: 2F 1-2: SINGLE (Line Drive, 5D, EV 101.2 MPH)
|
|
Batting: RHB Carlos Gonzales
|
0-0: Ball 1-0: Fly out, F7 (Flyball, 7D, EV 92.5 MPH)
|
| Bottom of the 4th over - 0 runs, 1 hit, 0 errors, 1 left on base; Greeneville 4 - Orem 0 |
| TOP OF THE 5TH |
|
Greeneville Astros batting - Pitching for Orem Owlz : LHP Tanner Scarlett
|
|
Batting: RHB Bill Borden
|
0-0: Ball 1-0: Foul Ball, location: 2F 1-1: DOUBLE (Line Drive, 78M, EV 106.9 MPH)
|
|
Batting: RHB Kenny Beall
|
0-0: Foul Ball, location: 2F 0-1: Ball 1-1: Ball 2-1: Fly out, F9 (Flyball, 89D, EV 98.1 MPH)
|
|
Batting: LHB Guadalupe Gonzalez
|
0-0: Swinging Strike 0-1: Called Strike 0-2: Strikes out swinging
|
|
Batting: SHB Rory Mozer
|
0-0: Ground out 6-3 (Groundball, 6, EV 83.1 MPH)
|
| Top of the 5th over - 0 runs, 1 hit, 0 errors, 1 left on base; Greeneville 4 - Orem 0 |
| BOTTOM OF THE 5TH |
|
Orem Owlz batting - Pitching for Greeneville Astros : LHP Jorge Ortiz
|
|
Batting: LHB David Coatney
|
0-0: Called Strike 0-1: Fly out, F7 (Flyball, 78XD, EV 100.6 MPH)
|
|
Batting: RHB Jesse Sargent
|
0-0: SINGLE (Groundball, 56S, EV 63.1 MPH) (infield hit)
|
|
Batting: RHB Steve Neely
|
0-0: Ball 1-0: Foul Ball, location: 2F 1-1: Ball 2-1: Ball 3-1: Foul Ball, location: 2F 3-2: Base on Balls Jesse Sargent to second
|
|
Batting: RHB Ken Hillman
|
0-0: Ball 1-0: Foul Ball, location: 2F 1-1: Swinging Strike 1-2: Ball 2-2: Foul Ball, location: 2F 2-2: Strikes out swinging
|
|
Batting: RHB Fred Saxton
|
0-0: Called Strike 0-1: Foul Ball, location: 2F 0-2: Ball 1-2: Foul Ball, location: 2F 1-2: Foul Ball, location: 2F 1-2: Foul Ball, location: 2F 1-2: DOUBLE (Line Drive, 78M, EV 107.5 MPH) Jesse Sargent scores Steve Neely to third
|
|
Batting: RHB Daniel Molina
|
0-0: Called Strike 0-1: Called Strike 0-2: Ball 1-2: Ball 2-2: Ground out 3-1 (Groundball, 34, EV 90.6 MPH)
|
| Bottom of the 5th over - 1 run, 2 hits, 0 errors, 2 left on base; Greeneville 4 - Orem 1 |
| TOP OF THE 6TH |
|
Greeneville Astros batting - Pitching for Orem Owlz : LHP Tanner Scarlett
|
|
Batting: LHB Josh Glass
|
0-0: Ball 1-0: Ball 2-0: Called Strike 2-1: Fly out, F7 (Line Drive, 7S, EV 89.4 MPH)
|
|
Batting: RHB Jamie Walker
|
0-0: Ground out 6-3 (Groundball, 6, EV 105.0 MPH)
|
|
Batting: LHB Bert Middleton
|
0-0: Called Strike 0-1: Ball 1-1: Ground out 1-3 (Groundball, P, EV 69.4 MPH)
|
| Top of the 6th over - 0 runs, 0 hits, 0 errors, 0 left on base; Greeneville 4 - Orem 1 |
| BOTTOM OF THE 6TH |
|
Orem Owlz batting - Pitching for Greeneville Astros : LHP Jorge Ortiz
|
|
Pitching: RHP Ernie Bell
|
|
|
Batting: RHB Kyle Gray
|
0-0: Ball 1-0: Ball 2-0: Called Strike 2-1: Ball 3-1: Base on Balls
|
|
Batting: SHB Manuel Martinez
|
0-0: Ball 1-0: Ball 2-0: Ball 3-0: Base on Balls Kyle Gray to second
|
|
Pinch Hitting: SHB Cesar Carrasquillo
|
0-0: DOUBLE (Line Drive, 9LD, EV 96.9 MPH) Kyle Gray scores Manuel Martinez to third
|
|
Batting: LHB David Coatney
|
0-0: Ball 1-0: Ball 2-0: SINGLE (Line Drive, 34D, EV 98.1 MPH) Manuel Martinez scores Cesar Carrasquillo to third
|
|
Batting: RHB Jesse Sargent
|
0-0: DOUBLE (Flyball, 8LXD, EV 90.6 MPH) Cesar Carrasquillo scores David Coatney to third
|
|
Pinch Hitting: LHB Kevin Feldman
|
0-0: Ball Wild Pitch! David Coatney scores Jesse Sargent to third 1-0: Ball 2-0: Swinging Strike 2-1: Ball 3-1: Base on Balls
|
|
Pitching: RHP Tim Evans
|
|
|
Batting: RHB Ken Hillman
|
0-0: Ball 1-0: Ball 2-0: Ball Wild Pitch! Jesse Sargent scores Kevin Feldman to second 3-0: Called Strike 3-1: Swinging Strike 3-2: Base on Balls
|
|
Batting: RHB Fred Saxton
|
0-0: Ball 1-0: Called Strike 1-1: Fielders Choice at 2nd, 6-4 (Groundball, 6, EV 106.9 MPH) Kevin Feldman to third
|
|
Batting: RHB Daniel Molina
|
0-0: Called Strike 0-1: Foul Ball, location: 2F 0-2: Ball 1-2: Fielders Choice at 2nd, 4-6 (Groundball, 4, EV 104.4 MPH) Kevin Feldman scores
|
|
Batting: RHB Kyle Gray
|
0-0: Fielders Choice at 2nd, 6-4 (Groundball, 6, EV 100.0 MPH)
|
| Bottom of the 6th over - 6 runs, 3 hits, 0 errors, 1 left on base; Greeneville 4 - Orem 7 |
| TOP OF THE 7TH |
|
Greeneville Astros batting - Pitching for Orem Owlz : LHP Tanner Scarlett
|
|
Now in CF: Brendan Garoutte
|
|
|
Now in RF: Kevin Feldman
|
|
|
Batting: RHB Tim Williams
|
0-0: Foul Ball, location: 2F 0-1: Ball 1-1: Foul Ball, location: 2F 1-2: Strikes out looking
|
|
Batting: RHB Josh Reisner
|
0-0: Ball 1-0: Ball 2-0: Ground out 3-1 (Groundball, 13, EV 76.9 MPH)
|
|
Batting: RHB Bill Borden
|
0-0: Foul Ball, location: 2F 0-1: Swinging Strike 0-2: Strikes out swinging
|
| Top of the 7th over - 0 runs, 0 hits, 0 errors, 0 left on base; Greeneville 4 - Orem 7 |
| BOTTOM OF THE 7TH |
|
Orem Owlz batting - Pitching for Greeneville Astros : RHP Tim Evans
|
|
Batting: SHB Manuel Martinez
|
0-0: Ball 1-0: Foul Ball, location: 2F 1-1: Fly out, F9 (Flyball, 89M, EV 94.4 MPH)
|
|
Batting: RHB Brendan Garoutte
|
0-0: Ball 1-0: Ball 2-0: Ground out U3 (Groundball, 34, EV 89.4 MPH)
|
|
Batting: LHB David Coatney
|
0-0: Ball 1-0: SINGLE (Groundball, 56D, EV 111.9 MPH)
|
|
Batting: RHB Jesse Sargent
|
0-0: Ball 1-0: Called Strike 1-1: Ball 2-1: Ball 3-1: Swinging Strike 3-2: Base on Balls David Coatney to second
|
|
Pitching: LHP Joe Sellick
|
|
|
Batting: LHB Kevin Feldman
|
0-0: Ball 1-0: Ball 2-0: Ground out U3 (Groundball, 3, EV 96.2 MPH)
|
| Bottom of the 7th over - 0 runs, 1 hit, 0 errors, 2 left on base; Greeneville 4 - Orem 7 |
| TOP OF THE 8TH |
|
Greeneville Astros batting - Pitching for Orem Owlz : LHP Tanner Scarlett
|
|
Batting: RHB Kenny Beall
|
0-0: Ball 1-0: Ball 2-0: Ball 3-0: Base on Balls
|
|
Pitching: RHP Michael Coleman
|
|
|
Batting: LHB Guadalupe Gonzalez
|
0-0: Called Strike 0-1: Called Strike 0-2: Foul Ball, location: 2F 0-2: Foul Ball, location: 2F 0-2: Strikes out swinging
|
|
Batting: SHB Rory Mozer
|
0-0: Ball 1-0: Ball 2-0: Foul Ball, location: 2F 2-1: Fielders Choice at 2nd, 3-6 (Groundball, 3S, EV 85.6 MPH)
|
|
Batting: LHB Josh Glass
|
0-0: Ball 1-0: Ball 2-0: Ball 3-0: Base on Balls Rory Mozer to second
|
|
Batting: RHB Jamie Walker
|
0-0: Ball 1-0: Ball 2-0: Fly out, F8 (Flyball, 8RM, EV 96.9 MPH)
|
| Top of the 8th over - 0 runs, 0 hits, 0 errors, 2 left on base; Greeneville 4 - Orem 7 |
| BOTTOM OF THE 8TH |
|
Orem Owlz batting - Pitching for Greeneville Astros : LHP Joe Sellick
|
|
Batting: RHB Ken Hillman
|
0-0: Ball 1-0: Called Strike 1-1: Foul Ball, location: 2F 1-2: Foul Ball, location: 2F 1-2: Fly out, F7 (Flyball, 78S, EV 88.8 MPH)
|
|
Batting: RHB Fred Saxton
|
0-0: Ball 1-0: Fly out, F8 (Flyball, 8LM, EV 90.0 MPH)
|
|
Batting: RHB Daniel Molina
|
0-0: Foul Ball, location: 2F 0-1: Ball 1-1: SINGLE (Line Drive, 56, EV 96.9 MPH)
|
|
Batting: RHB Kyle Gray
|
0-0: Ball Wild Pitch! Daniel Molina to second 1-0: Ball 2-0: Ball 3-0: Base on Balls
|
|
Batting: SHB Manuel Martinez
|
0-0: SINGLE (Groundball, 6D, EV 100.6 MPH) Daniel Molina to third Kyle Gray to second Runner from 3rd tries for Home, SAFE, throw by CF to home
|
|
Pitching: RHP Marty Jackson
|
|
|
Batting: RHB Brendan Garoutte
|
0-0: Ball 1-0: Ball 2-0: Called Strike 2-1: Foul Ball, location: 2F 2-2: Ground out 3-1 (Groundball, 34, EV 104.4 MPH)
|
| Bottom of the 8th over - 1 run, 2 hits, 0 errors, 2 left on base; Greeneville 4 - Orem 8 |
| TOP OF THE 9TH |
|
Greeneville Astros batting - Pitching for Orem Owlz : RHP Michael Coleman
|
|
Pitching: RHP Jerry Romero
|
|
|
Batting: LHB Bert Middleton
|
0-0: Called Strike 0-1: Foul Ball, location: 2F 0-2: Ball 1-2: Ball 2-2: Ball 3-2: Foul Ball, location: 2F 3-2: SINGLE (Line Drive, 89S, EV 96.2 MPH)
|
|
Batting: RHB Tim Williams
|
0-0: Ball 1-0: Called Strike 1-1: Swinging Strike 1-2: Ball 2-2: Ball 3-2: Foul Ball, location: 2F 3-2: Fly out, F9 (Flyball, 89M, EV 93.1 MPH)
|
|
Pinch Hitting: LHB Bob Neale
|
0-0: Called Strike 0-1: Fielders Choice at 2nd, 3-6 (Groundball, 3, EV 101.2 MPH)
|
|
Batting: RHB Bill Borden
|
0-0: Ball 1-0: Foul Ball, location: 2F 1-1: Foul Ball, location: 2F 1-2: Foul Ball, location: 2F 1-2: Strikes out swinging
|
| Top of the 9th over - 0 runs, 1 hit, 0 errors, 1 left on base; Greeneville 4 - Orem 8 |
|